 Dungeon Crawl Stone Soup version 0.30-a0-329-g85436e0a43 (webtiles) character file.

Game seed: 8358394516623786217

181 oldmanjim the Magician (level 5, -2/37 HPs)
             Began as a Djinni Venom Mage on Oct 28, 2022.
             Splashed by a jelly's acid (11 damage)
             ... on level 4 of the Dungeon.
             The game lasted 00:15:48 (2762 turns).

oldmanjim the Magician (Djinni Venom Mage)          Turns: 2762, Time: 00:15:49

Health: -2/37      AC:  2    Str:  7    XL:     5   Next: 92%
Gold:   146        EV: 11    Int: 25    God:
                   SH:  0    Dex:  8

rFire   + + +      SeeInvis .    a - +1 dagger (venom)
rCold   x . .      Faith    .    (no shield)
rNeg    . . .      Spirit   .    w - +1 leather armour of the Cockatrice {*Slow rF+++ Regen+ Dex-5}
rPois   ∞          Reflect  .    (no helmet)
rElec   .          Harm     .    k - +0 cloak {rPois}
rCorr   .          Rampage  .    x - +0 pair of gloves
Will    .....                    (boots unavailable)
Stlth   +.........               (no amulet)
HPRegen 1.06/turn                d - +6 ring of intelligence
MPRegen 0.00/turn                n - ring of wizardry

@: corroded, flying
A: sickness immunity, fire resistance 2, cold vulnerability 1, float, innate
caster, HP casting, extra vitality 1
a: no special abilities


You were on level 4 of the Dungeon.
You visited 1 branch of the dungeon, and saw 4 of its levels.

You collected 146 gold pieces.

Inventory:

Hand Weapons
 a - a +1 dagger of venom (weapon)
 b - a +0 sling
 q - a +0 dagger
Missiles
 h - 18 stones
 u - 3 javelins
Armour
 c - a +0 robe
 k - a +0 cloak of poison resistance (worn)
 w - the +1 leather armour of the Cockatrice (worn) {*Slow rF+++ Regen+ Dex-5}
   (You found it on level 4 of the Dungeon)

   Dex:       It affects your dexterity (-5).
   rF:        It renders you almost immune to fire.
   Regen:     It increases your rate of health regeneration.
   *Slow:     It may slow you when you take damage.
 x - a +0 pair of gloves (worn)
Jewellery
 d - a +6 ring of intelligence (left hand)
 n - a ring of wizardry (right hand)
Scrolls
 f - 3 scrolls of blinking {unknown}
 g - 2 scrolls of identify {unknown}
 m - 3 scrolls of amnesia {unknown}
 o - a scroll of immolation {unknown}
 p - a scroll of summoning {unknown}
 r - a scroll of silence {unknown}
 s - a scroll of enchant armour {unknown}
 t - a scroll of enchant weapon {unknown}
 v - a scroll of butterflies {unknown}
 y - a scroll of fear {unknown}
Potions
 e - 7 potions of curing {unknown}
 i - a potion of might {unknown}
 j - 2 potions of brilliance {unknown}
 l - 3 potions of haste {unknown}
 z - 2 potions of invisibility {unknown}


   Skills:
 + Level 1.2 Fighting
 + Level 2.3 Dodging
 - Level 1.5 Stealth
 + Level 4.5 Spellcasting


You couldn't memorise any spells.
You knew the following spells:

 Your Spells              Type           Power      Damage    Failure   Level
a - Sting                 Tmut/Pois      100%       1d8       1%          1
b - Poisonous Vapours     Pois/Air       56%        N/A       1%          2
c - Mephitic Cloud        Conj/Pois/Air  28%        N/A       2%          3
d - Olgreb's Toxic Radia  Pois           28%        N/A       9%          4
e - Freeze                Ice            100%       1d10      1%          1
f - Wereblood             Tmut           28%        N/A       1%          2
Your spell library was empty.

Dungeon Overview and Level Annotations

Branches:
Dungeon (4/15)
 Temple: D:4-7

Altars:
Yredelemnul

Annotations:
D:4 3 runed translucent doors, Valamore's ghost, amateur MiFi


Innate Abilities, Weirdness & Mutations

You are immune to sickness and miasma.
You are immune to poison.
Your flesh is very heat resistant. (rF++)
You are vulnerable to cold. (rC-)
You float through the air rather than walking.
You learn spells naturally, not from books.
Your magical power is your life essence.
You have superior vitality. (+4 MHP)


Message History

You finish putting on your +0 pair of gloves.
You now have 146 gold pieces (gained 11).
Found a glaive.
Found a stone staircase leading up.
A kobold comes into view. It is wielding a +1 dagger of draining.
The kobold shouts!
Found a stone staircase leading down.
The kobold closely misses you.
You hit the kobold.
The kobold is severely wounded.
The kobold hits you with a +1 dagger of draining.
You barely miss the kobold.
The kobold is severely wounded.
The kobold hits you with a +1 dagger of draining.
You hit the kobold.
You kill the kobold!
Things that are here:
a +1 dagger of draining; a kobold corpse
z - 2 metallic blue potions
y - a scroll labelled SUEFFE SEARPH A jelly comes into view.
The jelly quivers.
You hit the jelly.
The jelly is poisoned.
The acid corrodes you!
Your hands burn!
The jelly is lightly wounded.
The jelly hits you but does no damage.
You hit the jelly but do no damage.
Your hands burn!
The jelly is lightly wounded.
The jelly hits you. The acid corrodes you!
You are splashed with acid.
You hit the jelly. The acid corrodes you!
Your hands burn!
The jelly is heavily wounded.
The jelly hits you.
You are splashed with acid.
You hit the jelly.
Your hands burn!
The jelly is heavily wounded.
The jelly hits you.
You are splashed with acid!
* * * LOW HITPOINT WARNING * * *
The jelly attacks as you move away! The jelly hits you but does no damage.
The jelly attacks as you move away! The jelly hits you.
* * * LOW HITPOINT WARNING * * *
You are splashed with acid!
You die...

### ##.## ##...##
####.....## ..........#
#.....##############
#..)###.....@J....#
#..............##.......
####...#.#.#>.###.#
##...#. ............##.#
#.# #.#
#####...#.###..###.## #
#)..##.#.........
#...###.#..###.##
###...#####..# #.#
#.......##...###.#


You could see a jelly (poisoned).

Vanquished Creatures
  A scorpion (D:4)
  A jelly (D:4)
  5 adders
  An orc (D:4)
  4 ball pythons
  3 bats
  3 endoplasms
  2 giant cockroaches (D:1)
  12 goblins
  3 hobgoblins
  A quokka (D:2)
  4 frilled lizards
  4 kobolds
  3 rats
47 creatures vanquished.

Notes
Turn   | Place    | Note
-------+----------+-------------------------------------------
     0 | D:1      | oldmanjim the Djinni Venom Mage began the quest for the
                  | Orb.
     0 | D:1      | oldmanjim set off with the following spells memorised:
                  | Sting, Poisonous Vapours, Mephitic Cloud, Olgreb's Toxic
                  | Radiance.
     0 | D:1      | Reached XP level 1. HP: 15/15 MP: 0/0
   209 | D:1      | Reached XP level 2. HP: 17/21 MP: 0/0
   361 | D:1      | Reached skill level 3 in Spellcasting
   585 | D:1      | Reached XP level 3. HP: 24/25 MP: 0/0
   585 | D:1      | Learned a level 1 spell: Freeze
   610 | D:1      | You are sucked into a shaft and drop 1 floor!
   861 | D:2      | Reached skill level 1 in Fighting
  1082 | D:2      | Reached XP level 4. HP: 29/32 MP: 0/0
  2402 | D:4      | Noticed a scorpion
  2416 | D:4      | Reached skill level 4 in Spellcasting
  2416 | D:4      | Reached XP level 5. HP: 17/37 MP: 0/0
  2416 | D:4      | Learned a level 2 spell: Wereblood
  2575 | D:4      | Found a runed translucent gate.
  2575 | D:4      | Found a runed translucent gate.
  2575 | D:4      | Found a runed translucent gate.
  2575 | D:4      | Noticed Valamore's ghost (amateur MiFi)
  2577 | D:4      | Found a basalt altar of Yredelemnul.
  2577 | D:4      | Noticed an ice beast
  2652 | D:4      | Identified the +1 leather armour of the Cockatrice {*Slow
                  | rF+++ Regen+ Dex-5}
  2762 | D:4      | Splashed by a jelly's acid

Illustrated notes

Levels and vault maps discovered:
D:1:      nzn_arrival_settlement, layout_basic, hangedman_decor_lopped
D:2:      layout_loops_ring
D:3:      layout_loops_corners, nicolae_kikubaaqudgha_miasma_corner,
          mainiacjoe_overflow_brackets, solitary_fountain
D:4:      layout_loops_ring, nicolae_yredelemnul_ghost_church

Skill      XL: |  1  2  3  4 |
---------------+-------------+-----
Spellcasting   | 3 4 |  4.5
Fighting       | 1 |  1.2
Dodging        | |  2.3
Stealth        | |  1.5

Action                   |  1- 3 |  4- 6 || total
-------------------------+-------+-------++-------
Melee: Dagger            |     4 |    21 ||    25
 Fire: Sling             |       |     3 ||     3
 Cast: Sting             |    36 |     2 ||    38
       Poisonous Vapours |    16 |    16 ||    32
       Freeze            |     1 |       ||     1
       Olgreb's Toxic Ra |       |     2 ||     2
 Stab: Sleeping          |       |     1 ||     1
Armor: Robe              |     1 |     2 ||     3
       Leather armour    |       |     2 ||     2
Dodge: Dodged            |    12 |     7 ||    19

Table legend: (Time is in decaauts)
 A = Elapsed time spent in this place.
 B = Non-inter-level travel time spent in this place.
 C = Inter-level travel time spent in this place.
 D = Time resting spent in this place.
 E = Time spent auto-exploring this place.
 F = Levels seen in this place.
 G = Mean time per level.
                   A        B        C        D        E       F      G
               +--------+--------+--------+--------+--------+-----+--------+
         Total |   2759 |   2680 |     79 |     93 |   2118 |   4 |  689.8 |
       Dungeon |   2759 |   2680 |     79 |     93 |   2118 |   4 |  689.8 |
               +--------+--------+--------+--------+--------+-----+--------+

Top non-repeatable levels by time:
     D:3: 941 daAuts
     D:2: 829 daAuts
     D:1: 609 daAuts
     D:4: 379 daAuts
